 Dungeon Crawl Stone Soup version 0.19-a0-994-g3c636f0 (webtiles) character file.

82785 mrath the Fighter (level 15, -7/138 HPs)
             Began as a Minotaur Berserker on July 15, 2016.
             Was the Champion of Trog.
             Killed by divine providence
             ... invoked by a meliai
              (15 damage)
             ... on level 15 of the Dungeon on July 16, 2016.
             The game lasted 02:15:05 (25781 turns).

mrath the Fighter (Minotaur Berserker)             Turns: 25781, Time: 02:15:06

Health: -7/138     AC: 28    Str: 27    XL:     15   Next: 30%
Magic:  21/21      EV:  9    Int:  4    God:    Trog [******]
Gold:   1649       SH: 18    Dex: 14    Spells: 0 memorised, 14 levels left

rFire  + . .     SeeInvis +     M - +4 morningstar (protect)
rCold  . . .     Gourm    .     p - +4 plate armour
rNeg   . . .     Faith    .     n - +0 shield
rPois  .         Spirit   .     (helmet restricted)
rElec  +         Dismiss  .     D - +0 cloak
rCorr  +         Reflect  +     f - +0 pair of gloves
SustAt .         Harm     .     (no boots)
MR     +....                    G - +5 amulet of reflection
Stlth  ..........               y - ring "Taujunge" {rCorr rElec rF+ Dex+3}
                                H - ring of see invisible

@: lethally poisoned (-7 -> -11), somewhat resistant to hostile enchantments,
extremely unstealthy
A: retaliatory headbutt, horns 2
a: Berserk, Trog's Hand, Brothers in Arms, Burn Spellbooks, Renounce Religion


You were on level 15 of the Dungeon.
You worshipped Trog.
Trog was exalted by your worship.
You were not hungry.

You visited 4 branches of the dungeon, and saw 24 of its levels.
You also visited: Ice Cave.

You collected 2169 gold pieces.
You spent 520 gold pieces at shops.

Inventory:

Hand Weapons
 a - a +6 antimagic dire flail
 i - a +4 morningstar of holy wrath
 M - a +4 morningstar of protection (weapon)
Missiles
 d - 5 steel javelins
 r - 3 poisoned javelins (quivered)
 s - 5 tomahawks
 A - 6 javelins of returning
Armour
 f - a +0 pair of gloves (worn)
 n - a +0 shield (worn)
 p - a +4 plate armour (worn)
 D - a +0 cloak (worn)
Rods
 l - a +4 iron rod (10/10)
   (You found it on level 6 of the Lair of Beasts)
Jewellery
 j - a +4 ring of dexterity
 o - an uncursed ring of protection from cold
 t - an uncursed ring of resist corrosion
 w - an uncursed ring of protection from magic
 y - the ring "Taujunge" (right hand) {rCorr rElec rF+ Dex+3}
   (You bought it in a shop on level 2 of the Orcish Mines)

   [ring of resist corrosion]

   It affects your dexterity (+3).
   It protects you from fire.
   It insulates you from electricity.
 B - a +5 ring of strength
 G - a +5 amulet of reflection (around neck)
 H - a ring of see invisible (left hand)
Wands
 z - a wand of lightning (12/15)
 C - a wand of acid (8/15)
 Q - a wand of lightning (4/15)
 R - a wand of disintegration (8/24)
 U - a wand of digging (8/24)
 X - a wand of iceblast (10/15)
Scrolls
 h - 6 scrolls of teleportation
 k - 4 scrolls of identify
 x - 3 scrolls of fog
 F - a scroll of recharging
 I - 2 scrolls of fear
 J - 4 scrolls of magic mapping
 O - 11 scrolls of remove curse
Potions
 b - 4 potions of flight
 q - a potion of heal wounds
 u - 2 potions of berserk rage
 v - a potion of magic {unknown}
 E - 8 potions of curing
 N - 2 potions of cancellation
 P - 3 potions of haste
Miscellaneous
 e - a box of beasts
 g - a fan of gales
Comestibles
 c - 7 chunks of flesh
 m - 9 fruits
 L - 9 royal jellies
 S - 4 beef jerkies


   Skills:
 + Level 14.2 Fighting
 + Level 14.0 Maces & Flails
 + Level 3.2 Throwing
 + Level 14.0 Armour
 + Level 13.0 Dodging
 + Level 11.8 Shields
 + Level 9.4 Evocations


You had 14 spell levels left.
You didn't know any spells.

Dungeon Overview and Level Annotations

Branches:
Dungeon (15/15)            Temple (1/1) D:4            Lair (6/6) D:9
  Swamp (0/4) Lair:3        Snake (0/4) Lair:3        Slime (0/5) Lair:5
    Orc (2/2) D:12            Elf (0/3) Orc:2        Vaults (0/5) D:13
 Depths (0/5) D:15

Altars:
Ashenzari
Cheibriados
Dithmenos
Gozag
Kikubaaqudgha
Makhleb
Okawaru
Pakellas
Ru
Sif Muna
Trog
Uskayaw
Vehumet
The Shining One
Beogh
Jiyva

Shops:
D:11 :   Orc:2 ==(%%

Portals:
Hell: Lair:6


Innate Abilities, Weirdness & Mutations

You reflexively headbutt those who attack you in melee.
You have a pair of horns on your head.


Message History

You feel much better.
The meliai mumbles some strange prayers to its god against you.
Something smites you!
* * * LOW HITPOINT WARNING * * *
You block the meliai's attack. x2; The meliai barely misses you. x2
The meliai hits you but does no damage.
The meliai stings you but does no damage.
The meliai hits you but does no damage. The meliai stings you!
* * * LOW HITPOINT WARNING * * *
You are poisoned.
The meliai poisons you!
You feel sick.
The meliai mumbles some strange prayers to its god against you.
Something smites you!
* * * LOW HITPOINT WARNING * * *
There is a stone staircase leading up here.
You feel sick.
The meliai mumbles some strange prayers to its god against you.
Something smites you!
You die...

#.# #.# #.# #.#. #.#. ..
#.#. ...## #.#.## #....#
#.#..####...#.#...
#@#......[.... y..
########y##......... #.yy
#......yy.)....# #.# ....
#.######..##..####.# ..y.
#)##..§............##y...
#.#..≈.§.≈.≈..#.#....##..
#.....≈≈#≈≈.....##.#..#..
#..≈.#≈≈≈≈≈#.≈..##.##....
#...≈§§§§≈≈§≈...##.##....


You could see 3 meliai.

Vanquished Creatures
  A fire giant (D:15)
  A reaper (IceCv)
  3 dire elephants (Lair:6)
  Snorg (D:13)
  Fannar (D:10)
  10 hydras
  An ogre mage (D:15)
  2 centaur warriors
  10 death yaks
  6 hill giants
  7 orc knights
  A flayed ghost (D:13)
  A lindwurm (D:13)
  A wolf spider (D:15)
  3 ugly things (D:13)
  2 manticores
  2 cyclopes
  4 elephants (Lair:6)
  4 black mambas
  11 spiny frogs
  3 centaur zombies
  2 ice statues (IceCv)
  3 gargoyles
  A kobold demonologist (D:12)
  7 komodo dragons
  A centaur skeleton (D:14)
  A rime drake (Lair:5)
  A freezing wraith (D:14)
  An efreet (D:13)
  3 meliai (D:13)
  A queen bee (D:11)
  9 ice devils
  4 two-headed ogres
  A meliai (shapeshifter) (D:13)
  2 trolls
  11 blink frogs
  A boulder beetle (Lair:4)
  4 slime creatures (D:13)
  A shadow (D:12)
  Sigmund (D:5)
  51 yaks
  2 wyverns
  A vampire (D:13)
  Eustachio (D:3)
  3 wraiths
  A steam dragon (D:9)
  3 basilisks
  8 wargs (Orc:2)
  3 hungry ghosts
  19 hippogriffs
  10 vampire mosquitoes
  The ghost of MordorOrchid the Magician, an amateur OpIE (D:3)
  A hell hound (Lair:6)
  Duvessa (D:4)
  8 porcupines
  A swamp drake (D:12)
  13 water moccasins
  3 sky beasts
  45 orc warriors
  3 black bears
  4 ice beasts
  An eye of draining (D:12)
  7 ogres
  6 wolves (Lair:2)
  A necrophage (D:10)
  3 centaurs
  12 crocodiles
  2 big kobolds
  Blork the orc (D:5)
  15 giant frogs
  A gnoll sergeant (D:10)
  Dowan (D:4)
  37 killer bees
  5 scorpions
  An electric eel (Lair:3)
  5 howler monkeys
  5 crimson imps
  A giant frog zombie (D:7)
  3 hounds
  3 quasits
  2 giant frog skeletons
  5 jellies
  14 orc priests
  11 iguanas
  22 orc wizards
  14 worker ants
  A sheep (Lair:6)
  7 hound skeletons
  Robin (D:4)
  2 worker ant zombies
  12 gnolls
  8 adders
  52 river rats
  5 shadow imps
  7 white imps (IceCv)
  8 ufetubi (IceCv)
  An ooze (D:1)
  2 adder skeletons
  An adder zombie (D:5)
  4 worms
  2 dart slugs
  6 giant geckos
  115 orcs
  2 bats
  4 giant cockroaches
  18 hobgoblins
  18 jackals
  13 kobolds
  9 quokkas
  6 giant newts
  18 goblins
  A quokka skeleton (D:5)
  A quokka zombie (D:6)
  6 rats
820 creatures vanquished.

Vanquished Creatures (collateral kills)
  A sixfirhy (Lair:6)
  A smoke demon (Lair:6)
  3 orange demons (Lair:6)
  3 ice devils (Lair:6)
  A hellwing (Lair:6)
  A red devil (Lair:6)
10 creatures vanquished.

Vanquished Creatures (others)
  A wizard (Lair:6)
  A cyclops (D:11)
  A centaur (D:14)
  A killer bee (D:13)
  4 ufetubi (IceCv)
  An orc (Orc:2)
  4 fungi
  2 plants
15 creatures vanquished.

Grand Total: 845 creatures vanquished

Notes
Turn   | Place    | Note
-------+----------+-------------------------------------------
     0 | D:1      | mrath the Minotaur Berserker began the quest for the Orb.
     0 | D:1      | Reached XP level 1. HP: 19/19 MP: 0/0
   221 | D:1      | Reached XP level 2. HP: 25/27 MP: 1/1
   635 | D:1      | Found a glowing golden altar of the Shining One.
   823 | D:1      | Reached XP level 3. HP: 33/33 MP: 2/2
  1372 | D:1      | Reached ** piety under Trog
  1372 | D:1      | Reached XP level 4. HP: 8/41 MP: 3/3
  2365 | D:3      | Noticed MordorOrchid's ghost (amateur OpIE)
  2493 | D:3      | Noticed an ogre
  2498 | D:3      | Killed an ogre
  2498 | D:3      | Reached skill level 5 in Fighting
  2498 | D:3      | Reached XP level 5. HP: 48/48 MP: 4/4
  2747 | D:3      | Found a burning altar of Makhleb.
  2882 | D:3      | Reached *** piety under Trog
  2924 | D:3      | Killed MordorOrchid's ghost
  2924 | D:3      | Reached skill level 5 in Maces & Flails
  2924 | D:3      | Reached XP level 6. HP: 56/56 MP: 5/5
  2932 | D:3      | Found a radiant altar of Vehumet.
  3258 | D:4      | Noticed Duvessa
  3260 | D:4      | Noticed Dowan
  3268 | D:4      | Killed Duvessa
  3268 | D:4      | Reached skill level 5 in Armour
  3272 | D:4      | Killed Dowan
  3349 | D:4      | Reached XP level 7. HP: 62/62 MP: 6/6
  3503 | D:4      | Found a shattered altar of Ashenzari.
  3585 | D:4      | Noticed Eustachio
  3593 | D:4      | Noticed Robin
  3665 | D:3      | Killed Eustachio
  3665 | D:3      | Reached skill level 5 in Dodging
  3720 | D:4      | Reached **** piety under Trog
  3723 | D:4      | Killed Robin
  3921 | D:4      | Found a staircase to the Ecumenical Temple.
  4101 | D:5      | Entered Level 5 of the Dungeon
  4109 | D:5      | Reached XP level 8. HP: 39/71 MP: 7/7
  4275 | D:5      | Found a hide-covered altar of Uskayaw.
  4448 | D:5      | You fall through a shaft for 2 floors!
  4579 | D:6      | Found a bloodstained altar of Trog.
  4760 | D:6      | Reached ***** piety under Trog
  4958 | D:6      | Found a sacrificial altar of Ru.
  5069 | D:5      | Noticed Sigmund
  5072 | D:5      | Killed Sigmund
  5317 | D:5      | Noticed Blork the orc
  5323 | D:5      | Killed Blork the orc
  5323 | D:5      | Reached XP level 9. HP: 81/81 MP: 8/8
  5677 | D:6      | Found a snail-covered altar of Cheibriados.
  5817 | D:7      | Found an iron altar of Okawaru.
  6210 | D:7      | Found an ancient bone altar of Kikubaaqudgha.
  6250 | D:7      | Found an opulent altar of Gozag.
  6281 | D:7      | Found a shadowy altar of Dithmenos.
  6287 | D:7      | Reached skill level 1 in Shields
  6287 | D:7      | Reached skill level 1 in Evocations
  7458 | Temple   | Entered the Ecumenical Temple
  7778 | D:9      | Received a gift from Trog
  8245 | D:9      | Found a staircase to the Lair.
  8252 | D:9      | Reached XP level 10. HP: 90/91 MP: 10/10
  8489 | D:9      | Got a fine falchion
  8494 | Lair:1   | Entered Level 1 of the Lair of Beasts
  8529 | Lair:1   | Reached ****** piety under Trog
  8934 | Lair:1   | Noticed a four-headed hydra
  8941 | Lair:1   | Killed a four-headed hydra
  9242 | Lair:1   | Reached skill level 5 in Shields
  9254 | Lair:1   | Received a gift from Trog
  9310 | Lair:1   | Noticed a spiny frog
  9320 | Lair:1   | Killed a spiny frog
  9552 | Lair:2   | Reached skill level 10 in Maces & Flails
  9663 | Lair:2   | Reached skill level 10 in Armour
  9663 | Lair:2   | Reached XP level 11. HP: 89/99 MP: 13/13
  9685 | Lair:2   | Reached skill level 10 in Fighting
  9856 | Lair:2   | Noticed a five-headed hydra
 10112 | Lair:2   | Killed a five-headed hydra
 11318 | Lair:3   | Found a staircase to the Snake Pit.
 11345 | Lair:3   | Noticed a five-headed hydra
 11349 | Lair:3   | Killed a five-headed hydra
 11349 | Lair:3   | Reached skill level 5 in Evocations
 11450 | Lair:3   | Found a frozen archway.
 11466 | IceCv    | Entered an ice cave
 12273 | IceCv    | Received a gift from Trog
 12290 | IceCv    | Noticed a reaper
 12310 | IceCv    | Killed a reaper
 12310 | IceCv    | Reached skill level 10 in Dodging
 12310 | IceCv    | Reached XP level 12. HP: 106/110 MP: 15/15
 12770 | Lair:3   | Found a staircase to the Swamp.
 13121 | Lair:4   | Noticed an eight-headed hydra
 13130 | Lair:4   | Killed an eight-headed hydra
 13602 | Lair:5   | Noticed a death yak
 13603 | Lair:5   | Noticed a death yak
 13603 | Lair:5   | Noticed a death yak
 13630 | Lair:5   | Killed a death yak
 13636 | Lair:5   | Killed a death yak
 13643 | Lair:5   | Noticed a death yak
 13646 | Lair:5   | Killed a death yak
 13646 | Lair:5   | Received a gift from Trog
 13661 | Lair:5   | Killed a death yak
 13886 | Lair:5   | Noticed a death yak
 13887 | Lair:5   | Noticed a death yak
 13887 | Lair:5   | Noticed a death yak
 13905 | Lair:5   | Noticed a death yak
 13908 | Lair:5   | Killed a death yak
 13947 | Lair:4   | Killed a death yak
 14352 | Lair:5   | Noticed a four-headed hydra
 14366 | Lair:5   | Killed a four-headed hydra
 14598 | Lair:4   | Killed a death yak
 14598 | Lair:4   | Reached XP level 13. HP: 97/118 MP: 17/17
 14723 | Lair:5   | Found a staircase to the Slime Pits.
 14723 | Lair:5   | Found a viscous altar of Jiyva.
 15256 | Lair:5   | Received a gift from Trog
 15304 | Lair:6   | Entered Level 6 of the Lair of Beasts
 16434 | Lair:6   | Reached skill level 10 in Shields
 16764 | Lair:6   | Noticed a dire elephant
 16773 | Lair:6   | Killed a dire elephant
 16788 | Lair:6   | Noticed a dire elephant
 16805 | Lair:6   | Killed a dire elephant
 16936 | Lair:6   | Noticed a dire elephant
 16949 | Lair:6   | Killed a dire elephant
 16975 | Lair:6   | Paralysed by a wizard for 6 turns
 17017 | Lair:6   | Found a burning altar of Makhleb.
 17042 | Lair:6   | Found a gateway to Hell.
 17251 | D:10     | Entered Level 10 of the Dungeon
 17268 | D:10     | Noticed Fannar
 17304 | D:10     | Killed Fannar
 17668 | D:10     | Reached XP level 14. HP: 113/129 MP: 19/19
 17684 | D:10     | Received a gift from Trog
 17868 | D:10     | Received a gift from Trog
 18520 | D:11     | Found Ahen's Book Emporium.
 18900 | D:12     | Received a gift from Trog
 19344 | D:12     | Found a staircase to the Orcish Mines.
 19877 | D:13     | Noticed Snorg
 19883 | D:13     | Killed Snorg
 21362 | D:13     | Found a gate to the Vaults.
 21737 | Orc:1    | Entered Level 1 of the Orcish Mines
 22141 | Orc:2    | Entered Level 2 of the Orcish Mines
 22225 | Orc:2    | Reached skill level 1 in Throwing
 22501 | Orc:2    | Found Zisedato's Food Shoppe.
 22520 | Orc:2    | Received a gift from Trog
 22599 | Orc:2    | Found a staircase to the Elven Halls.
 23576 | Orc:2    | Found Pehom's Jewellery Emporium.
 23576 | Orc:2    | Found Zinizxao's Jewellery Shop.
 23655 | Orc:2    | Found a roughly hewn altar of Beogh.
 23675 | Orc:2    | Found Fabatife's Antique Weapon Emporium.
 23698 | Orc:2    | Received a gift from Trog
 23719 | Orc:2    | Found Ilerr's Food Shop.
 23889 | Orc:2    | Bought the ring "Taujunge" {rCorr rElec rF+ Dex+3} for 520 gold pieces
 23929 | Orc:2    | Reached XP level 15. HP: 105/138 MP: 20/20
 25171 | D:15     | Entered Level 15 of the Dungeon
 25175 | D:15     | Found a staircase to the Depths.
 25175 | D:15     | Noticed a fire giant
 25247 | D:15     | Killed a fire giant
 25781 | D:15     | Killed from afar by a meliai

Vault maps used:
D:1:      lightli_arrival_flooded_house, tso_altar
D:2:      first_bread, kennysheep_generic_room_7
D:3:      vehumet_crystals, old_standard_altar
D:4:      lemuel_doored_altar, uniq_duvessa, uniq_robin, uniq_eustachio
D:5:      kennysheep_mini_moat, due_unseen_surprise, uniq_blork_the_orc,
          uniq_sigmund
D:6:      nicolae_overflow_crystal_walls, lemuel_round_altar, minivault_26,
          st_stairs_12, trog_hazing_becter
D:7:      old_standard_altar, kiku_gazebo_pond_becter, basic_altar,
          okawaru_gym_becter
D:9:      lair_0_dummy
D:10:     uniq_fannar
D:11:     serial_shops, shop, david_nohive_1
D:12:     erik_orc_1
D:13:     david_vaults_4, evilmike_surprise_oklob, uniq_snorg
D:14:     grunt_decor_arrowhead
D:15:     grunt_enter_depths_giant_problem, abandoned_shop,
          minmay_misc_feat_plants
Temple:   minmay_temple_curvy_branch
Lair:1:   minivault_27, grunt_megastairs_3
Lair:2:   lemuel_fruit_tree, serial_bayou_shore_b
Lair:3:   swamp_mist_pool, dummy_snake_entry, portal_ice_cave_entry_pillars_1,
          fungi_pond_lemuel
Lair:5:   slime_altar_1, grunt_megastairs_2
Lair:6:   evil_forest
Orc:2:    st_orc_town, serial_shops, shop_statue, nicolae_orc_crystal_geode
IceCv:    ice_cave_small_demon

Skill      XL: |  1  2  3  4  5  6  7  8  9 10 11 12 13 14 15 |
---------------+----------------------------------------------+-----
Fighting       | 4 5 6 7 9 11 12 13 14 | 14.2
Armour         | 3 4 5 6 7 9 10 11 12 13 14 | 14.0
Maces & Flails | 4 5 6 7 9 10 11 12 13 14 | 14.0
Dodging        | 3 4 5 6 7 8 10 11 12 13 | 13.0
Shields        | 3 5 7 9 10 11 | 11.8
Evocations     | 2 4 5 6 8 9 |  9.4
Throwing       | 2 3 |  3.2

Action                   |  1- 3 |  4- 6 |  7- 9 | 10-12 | 13-15 || total
-------------------------+-------+-------+-------+-------+-------++-------
Melee: Mace              |    54 |    98 |   100 |       |       ||   252
       Headbutt          |     8 |    17 |    86 |   167 |   347 ||   625
       Flail             |       |       |   302 |   176 |       ||   478
       Morningstar       |       |       |       |   383 |  1267 ||  1650
Throw: Stone             |       |     5 |       |       |       ||     5
       Tomahawk          |       |       |     2 |       |       ||     2
       Javelin           |       |       |       |    10 |    27 ||    37
Invok: Berserk           |       |     4 |     4 |    11 |     8 ||    27
       Burn Spellbooks   |       |       |       |     3 |     3 ||     6
       Trog's Hand       |       |       |       |     1 |     4 ||     5
       Brothers in Arms  |       |       |       |       |     1 ||     1
  Use: Scroll            |       |     3 |     5 |     4 |    14 ||    26
       Potion            |       |       |       |     3 |     1 ||     4
 Stab: Sleeping          |     1 |     1 |       |       |       ||     2
  Eat: Chunk             |     1 |    11 |    13 |    12 |    42 ||    79
       Royal jelly       |       |       |     2 |     3 |       ||     5
       Meat ration       |       |       |     1 |     2 |       ||     3
       Fruit             |       |       |       |     3 |     2 ||     5
       Beef jerky        |       |       |       |     2 |     1 ||     3
Armor: Animal skin       |     7 |     5 |       |       |       ||    12
       Plate armour      |       |    25 |   259 |   294 |   388 ||   966
Dodge: Dodged            |    46 |    60 |   158 |   395 |   502 ||  1161
Block: Shield            |       |       |    70 |   307 |  1156 ||  1533
       Reflection        |       |       |       |       |    38 ||    38
